 Dungeon Crawl Stone Soup version 0.27.1 (webtiles) character file.

Game seed: 12801832227797279879

44 ZARRMARR the Gusty (level 3, -4/19 HPs)
             Began as a Deep Elf Air Elementalist on Sept 1, 2021.
             Slain by a worm (11 damage)
             ... on level 2 of the Dungeon.
             The game lasted 00:04:04 (1786 turns).

ZARRMARR the Gusty (Deep Elf Air Elementalist)      Turns: 1786, Time: 00:04:05

Health: -4/19      AC:  2    Str:  5    XL:     3   Next: 39%
Magic:  0/9        EV: 12    Int: 20    God:
Gold:   65         SH:  0    Dex: 15    Spells: 7/8 levels left

rFire    . . .     SeeInvis .   (no weapon)
rCold    . . .     Faith    .   (no shield)
rNeg     . . .     Spirit   +   a - +0 robe
rPois    .         Reflect  .   (no helmet)
rElec    .         Harm     .   (no cloak)
rCorr    .         Rampage  .   (no gloves)
Will     .....                  (no boots)
Stlth    ++........             b - amulet of guardian spirit
HPRegen  0.06/turn              (no ring)
MPRegen  0.11/turn              (no ring)

@: no status effects
A: no striking features
a: no special abilities


You were on level 2 of the Dungeon.
You visited 1 branch of the dungeon, and saw 2 of its levels.

You collected 65 gold pieces.

Inventory:

Armour
 a - a +0 robe (worn)
Jewellery
 b - an amulet of guardian spirit (around neck)
Potions
 d - a potion of might {unknown}


   Skills:
 - Level 2.4 Dodging
 - Level 2.4 Stealth
 - Level 3.0 Spellcasting
 - Level 1.1 Conjurations
 + Level 4.5 Air Magic


You had 7 spell levels left.
You knew the following spells:

 Your Spells              Type           Power      Damage    Failure   Level
a - Shock                 Conj/Air       56%        1d6       4%          1

Your spell library contained the following spells:

 Spells                   Type           Power      Damage    Failure   Level
 Static Discharge         Conj/Air       14%        N/A       7%          2
 Swiftness                Air            21%        N/A       7%          3
 Airstrike                Air            10%        N/A       22%         4


Dungeon Overview and Level Annotations

Branches:
Dungeon (2/15)

Altars:


Message History

The worm is almost dead.
You barely miss the worm.
The worm is almost dead.
The worm bites you!
You hit the worm but do no damage.
The worm is severely wounded.
You hit the worm but do no damage.
The worm is severely wounded.
The worm barely misses you.
You hit the worm but do no damage.
The worm is severely wounded.
The worm closely misses you.
You barely miss the worm.
The worm is severely wounded.
Aiming: Shock (safe; 4% risk of failure)
Press: ? - help, Q - select action Shift-Dir - straight line, f/p - worm
Aim: a worm (severely wounded, 90% to hit)
The zap hits the worm.
The worm is almost dead.
The worm closely misses you.
You hit the worm but do no damage.
The worm is almost dead.
You barely miss the worm.
The worm is almost dead.
The worm bites you but does no damage.
You hit the worm but do no damage.
The worm is almost dead.
The worm barely misses you.
You barely miss the worm.
The worm is almost dead.
You hit the worm.
The worm is almost dead.
The worm bites you.
You hit the worm.
The worm is almost dead.
You hit the worm but do no damage.
The worm is almost dead.
The worm bites you!
Ouch! That really hurt!
You die...

..##....).....##.#.#.......)..#.#
..##..........##'#.#.....†....#.#
..###......###.......#+#.#.#.##.#
..# #......# #...........#.#.##.#
..# #......# #.......###.#.#.##..
..# #......# #.#.†.....#.#.###.
..# #......# #.####....#.#)# .
..###......# #.# #....(.#.#
...>#...÷..# #@# ##.....##
#...#......#####w# #......#
....'..........#.# #......#
....####.......#'###......# ....#
#..........##......# ...##
#..........##......## ...#
#.................... .###
#...........####.#####
.#######...........# ...


You could see a worm.

Vanquished Creatures
  An adder (D:2)
  2 endoplasms
  2 giant cockroaches
  4 goblins
  4 hobgoblins
  4 jackals (D:1)
  2 quokkas
  A ball python (D:2)
  5 bats
  3 frilled lizards
  2 kobolds (D:2)
30 creatures vanquished.

Notes
Turn   | Place    | Note
-------+----------+-------------------------------------------
     0 | D:1      | ZARRMARR the Deep Elf Air Elementalist began the quest for
                  | the Orb.
     0 | D:1      | Reached XP level 1. HP: 10/10 MP: 6/6
    70 | D:1      | Found a faded altar of an unknown god.
   206 | D:1      | Reached XP level 2. HP: 9/15 MP: 0/8
   763 | D:1      | Reached skill level 4 in Air Magic
  1171 | D:2      | Reached XP level 3. HP: 17/19 MP: 1/9
  1786 | D:2      | Slain by a worm

Illustrated notes

Levels and vault maps discovered:
D:1:      eino_arrival_cavern_c, layout_basic,
          hellmonk_ecumenical_altar_arch_garden
D:2:      layout_basic, basic_altar, minmay_pentomino_r2

Skill      XL: |  1  2 |
---------------+-------+-----
Air Magic      | 4 |  4.5
Dodging        | |  2.4
Stealth        | |  2.4
Spellcasting   | |  3.0
Conjurations   | |  1.1

Action                   || total
-------------------------++-------
Melee: Unarmed           ||    18
 Cast: Shock             ||    86
  Use: Scroll            ||     1
Armor: Robe              ||     5
Dodge: Dodged            ||    10
